 Dungeon Crawl Stone Soup version 0.26-b1-32-g5d43845318 (webtiles) character file.

Game seed: 3943249193826135814

16363 Sneforious the Fighter (level 12, -11/106 HPs)
             Began as a Grey Draconian Wanderer on Jan 5, 2021.
             Was a High Priest of Okawaru.
             Mangled by a cane toad (17 damage)
             ... on level 3 of the Lair of Beasts.
             The game lasted 01:20:06 (17855 turns).

Sneforious the Fighter (Grey Draconian Wanderer)   Turns: 17855, Time: 01:20:06

Health: -11/106    AC: 19    Str: 22    XL:     12   Next: 9%
Magic:  18/18      EV: 13    Int: 13    God:    Okawaru [*****.]
Gold:   767        SH: 10    Dex:  8    Spells: 8/11 levels left

rFire    . . .     SeeInvis .   x - +6 dagger of No Interval {flame, Stlth+}
rCold    . . .     Faith    .   d - +0 kite shield
rNeg     + . .     Spirit   .   (armour unavailable)
rPois    .         Reflect  .   (helmet restricted)
rElec    .         Harm     .   g - +2 cloak
rCorr    .         Rampage  .   (no gloves)
Will     .....                  l - +2 pair of boots {Fly}
Stlth    ++++......             (no amulet)
HPRegen  0.27/turn              R - ring of wizardry
MPRegen  0.16/turn              C - ring of positive energy

@: about to teleport, flying
A: walk through water, unfitting armour, unbreathing, cold-blooded, AC +13
a: Stop Flying, Renounce Religion, Heroism, Finesse


You were on level 3 of the Lair of Beasts.
You worshipped Okawaru.
Okawaru was extremely pleased with you.
You visited 4 branches of the dungeon, and saw 15 of its levels.

You collected 767 gold pieces.

Inventory:

Hand Weapons
 a - a +3 hand axe
 h - a +1 flail of draining
 x - the +6 dagger of No Interval (weapon) {flame, Stlth+}
   (You found it on level 5 of the Dungeon)

   It has been specially enchanted to burn those struck by it, causing extra
   injury to most foes and up to half again as much damage against particularly
   susceptible opponents.
   It makes you more stealthy.
 F - a +0 shortbow of flaming
 J - the +1 scimitar of the Skies Above {freeze, *Noise rF+ rN+++ SInv}
   (You found it on level 9 of the Dungeon)

   It has been specially enchanted to freeze those struck by it, causing extra
   injury to most foes and up to half again as much damage against particularly
   susceptible opponents.
   It can also slow down cold-blooded creatures.
   It protects you from fire.
   It renders you almost immune to negative energy.
   It lets you see invisible.
   It may make noises in combat.
 M - a +6 long sword of flaming
 N - a +2 broad axe of holy wrath
Missiles
 G - 56 arrows
 L - 14 boomerangs (quivered)
 P - 126 stones
Armour
 d - a +0 kite shield (worn)
 g - a +2 cloak (worn)
 l - a +2 pair of boots of flying (worn)
 K - a +0 kite shield
Magical Staves
 v - an uncursed staff of earth
Jewellery
 C - a ring of positive energy (right hand)
 R - a ring of wizardry (left hand)
Wands
 q - a wand of paralysis (5)
 s - a wand of polymorph (11)
 z - a wand of disintegration (26)
Scrolls
 j - a scroll of immolation {unknown}
 k - 3 scrolls of teleportation
 o - 3 scrolls of amnesia {unknown}
 t - 3 scrolls of fear {unknown}
 w - 7 scrolls of remove curse
 y - 6 scrolls of identify
 A - 2 scrolls of magic mapping
 B - 4 scrolls of fog
 I - 2 scrolls of holy word {unknown}
 O - 3 scrolls of enchant armour {unknown}
 Q - a scroll of vulnerability {unknown}
 S - a scroll of random uselessness {unknown}
Potions
 b - 2 potions of lignification
 c - 3 potions of curing
 e - a potion of attraction {unknown}
 f - 3 potions of heal wounds {unknown}
 i - a potion of mutation {unknown}
 m - a potion of magic {unknown}
 n - a potion of experience {unknown}
 p - a potion of might
 r - 3 potions of brilliance {unknown}
 u - a potion of cancellation {unknown}
 D - a potion of degeneration {unknown}
 E - a potion of berserk rage {unknown}
 H - 2 potions of haste {unknown}


   Skills:
 * Level 10.2 Fighting
 + Level 8.2(8.4) Short Blades
 + Level 2.6(5.8) Long Blades
 - Level 4.9 Axes
 - Level 1.7 Crossbows
 - Level 1.0 Throwing
 + Level 6.8 Dodging
 + Level 7.2 Stealth
 + Level 7.7 Shields
 * Level 8.5 Invocations


You had 8 spell levels left.
You knew the following spells:

 Your Spells              Type           Power        Failure   Level
a - Poisonous Vapours     Pois/Air       0%           41%         2
b - Sandblast             Erth           0%           30%         1

Your spell library contained the following spells:

 Spells                   Type           Power        Failure   Level
 Passwall                 Tmut/Erth      0%           41%         2
 Conjure Flame            Conj/Fire      0%           65%         3
 Mephitic Cloud           Conj/Pois/Air  0%           65%         3
 Stone Arrow              Conj/Erth      0%           65%         3
 Petrify                  Tmut/Erth      0%           95%         4
 Lee's Rapid Deconstruct  Erth           0%           100%        5
 Freezing Cloud           Conj/Ice/Air   0%           100%        6


Dungeon Overview and Level Annotations

Branches:
Dungeon (10/15)            Temple (1/1) D:6            Lair (3/6) D:10
  Snake (1/4) Lair:2          Orc (0/2) D:9
  Swamp: Lair:2-4    Shoals: Lair:2-4

Altars:
Ashenzari
Cheibriados
Dithmenos
Elyvilon
Fedhas
Gozag
Hepliaklqana
Kikubaaqudgha
Makhleb
Nemelex Xobeh
Okawaru
Qazlal
Ru
Sif Muna
Trog
Uskayaw
Vehumet
Wu Jian
Xom
Yredelemnul
Zin
The Shining One

Annotations:
D:6 2 transporters, Mattiprrivan's ghost, novice TrGl


Innate Abilities, Weirdness & Mutations

You can walk through water.
Your dull iron-grey scales are very hard. (AC +13)
You cannot fit into any form of body armour.
You can survive without breathing.
You are cold-blooded and may be slowed by cold attacks.


Message History

The blink frog hits you. The wolf barely misses you.
You block the wolf's attack.
The blink frog blinks!
The wolf bites you but does no damage. The cane toad barely misses you.
The wolf misses you.
As you read the scroll of teleportation, it crumbles to dust.
You feel strangely unstable. The wolf bites you.
* * * LOW HITPOINT WARNING * * *
The cane toad closely misses you. The wolf bites you!
* * * LOW HITPOINT WARNING * * *
The blink frog hits you!
* * * LOW HITPOINT WARNING * * *
The wolf bites you but does no damage. You block the cane toad's attack.
The water moccasin barely misses you. The blink frog misses you.
The wolf closely misses you. The cane toad barely misses you.
The water moccasin bites you.
* * * LOW HITPOINT WARNING * * *
The blink frog closely misses you. You block the wolf's attack.
You block the water moccasin's attack. The cane toad stings you!
You die...

## ######.##
.##......#######.#.#...#.#.
.. ........................
.. .......................
.. ##.....Y................
.## #...#..####.#........#!.
..####.....###YhFS#.....#.##
.#..###........#@...........
.....##.#Y#.##.F....###...##
Y.......#..###...#P.# .###
.##lY..##...###.###.# #
Y.#.Y#.##........ ...
.###Y....≈≈.≈...# ...
.##..#..≈≈≈≈≈.... ..#.
†.#...≈≈≈≈≈≈≈≈≈.# ##
......≈≈≈≈≈≈≈≈≈.#


You could see an elephant, a cane toad, a blink frog, a water moccasin and a
wolf.

Vanquished Creatures
  A two-headed ogre (D:10)
  Sonja (Lair:2)
  2 elephants (Lair:3)
  2 black mambas
  A centaur zombie (D:10)
  A centaur skeleton (D:10)
  A cane toad (Lair:2)
  5 komodo dragons
  A polar bear (Lair:2)
  3 trolls (D:10)
  2 hornets (D:9)
  11 blink frogs
  3 wyverns
  2 basilisks (Lair:1)
  13 yaks
  6 nagas (Lair:2)
  6 water moccasins
  Duvessa (D:5)
  3 orc warriors
  2 sky beasts
  A hornet zombie (D:8)
  A black bear (Lair:1)
  An ogre (D:10)
  2 phantoms
  3 centaurs
  3 wolves
  2 big kobolds
  7 bullfrogs
  A scorpion (D:7)
  Dowan (D:5)
  6 killer bees
  5 wights (D:6)
  7 howler monkeys
  A bullfrog zombie (D:7)
  A quasit (D:6)
  A gnoll shaman (D:9)
  8 jellies
  4 orc priests
  9 hounds
  An iguana (D:4)
  8 orc wizards
  6 worker ants
  2 hound zombies
  A howler monkey skeleton (D:4)
  11 adders
  15 gnolls
  4 shadow imps
  2 white imps
  4 ufetubi
  5 oozes (D:8)
  A worm (D:2)
  2 dart slugs
  6 leopard geckos
  34 orcs
  11 bats
  2 giant cockroaches
  15 goblins
  7 hobgoblins
  4 jackals (D:5)
  25 kobolds
  6 quokkas
  2 frilled lizards
  A leopard gecko skeleton (D:7)
  A quokka skeleton (D:9)
  11 rats
  3 butterflies
321 creatures vanquished.

Vanquished Creatures (others)
  15 fungi
  22 plants
37 creatures vanquished.

Grand Total: 358 creatures vanquished

Notes
Turn   | Place    | Note
-------+----------+-------------------------------------------
     0 | D:1      | Sneforious the Draconian Wanderer began the quest for the
                  | Orb.
     0 | D:1      | Sneforious set off with the following items: a +2 hand axe,
                  | a potion of lignification, a potion of curing
     0 | D:1      | Reached XP level 1. HP: 19/19 MP: 1/1
   172 | D:1      | Reached XP level 2. HP: 26/26 MP: 2/2
   856 | D:2      | Reached XP level 3. HP: 33/33 MP: 3/3
   950 | D:2      | Found a hide-covered altar of Uskayaw.
   951 | D:2      | Found an ornate altar of the Wu Jian Council.
   952 | D:2      | Found a bloodstained altar of Trog.
   954 | D:2      | Found a white marble altar of Elyvilon.
   954 | D:2      | Found an iron altar of Okawaru.
   967 | D:2      | Reached skill level 4 in Fighting
  1167 | D:2      | Became a worshipper of Warmaster Okawaru
  1205 | D:2      | Reached skill level 1 in Shields
  1338 | D:2      | Reached skill level 1 in Dodging
  1537 | D:2      | Found a glowing golden altar of the Shining One.
  1598 | D:2      | Reached XP level 4. HP: 40/40 MP: 4/4
  2485 | D:3      | Found a burning altar of Makhleb.
  2569 | D:3      | Reached XP level 5. HP: 23/46 MP: 5/5
  3532 | D:5      | Entered Level 5 of the Dungeon
  3993 | D:4      | Reached XP level 6. HP: 53/53 MP: 6/6
  4335 | D:4      | Found a hazy altar of Hepliaklqana.
  4774 | D:5      | Noticed Dowan
  4782 | D:5      | Killed Dowan
  4863 | D:5      | Got a fine dagger
  4864 | D:5      | Identified the +6 dagger of No Interval {flame, Stlth+}
                  | (You found it on level 5 of the Dungeon)
  4876 | D:5      | Reached skill level 5 in Fighting
  4889 | D:5      | Noticed Duvessa
  4920 | D:5      | Killed Duvessa
  4921 | D:5      | Reached skill level 1 in Short Blades
  5238 | D:5      | Reached * piety under Okawaru
  5327 | D:5      | Your scales start taking on a dull iron-grey colour.
  5327 | D:5      | Reached XP level 7. HP: 61/61 MP: 7/7
  5327 | D:5      | Gained mutation: You can survive without breathing. [Grey
                  | Draconian growth]
  6169 | D:6      | Reached skill level 6 in Fighting
  6173 | D:6      | Reached skill level 1 in Invocations
  6214 | D:6      | Found a staircase to the Ecumenical Temple.
  6232 | D:6      | Noticed a hornet
  6315 | D:6      | Found a transporter.
  6319 | D:6      | Found a transporter.
  6321 | D:6      | Noticed a queen bee
  6321 | D:6      | Noticed Mattiprrivan's ghost (novice TrGl)
  6362 | D:6      | Reached ** piety under Okawaru
  6472 | D:6      | Reached XP level 8. HP: 43/70 MP: 6/9
  7337 | Temple   | Entered the Ecumenical Temple
  7816 | D:7      | Found a sparkling altar of Nemelex Xobeh.
  8319 | D:7      | Reached *** piety under Okawaru
  8320 | D:7      | Reached XP level 9. HP: 78/78 MP: 11/11
  8559 | D:7      | Learned a level 2 spell: Poisonous Vapours
  9207 | D:8      | Found a snail-covered altar of Cheibriados.
  9268 | D:8      | Reached skill level 7 in Fighting
  9268 | D:8      | Reached skill level 5 in Shields
  9447 | D:8      | Reached skill level 5 in Stealth
  9619 | D:8      | Reached skill level 5 in Invocations
 10270 | D:9      | Reached **** piety under Okawaru
 10316 | D:9      | Reached skill level 5 in Short Blades
 10431 | D:9      | Learned a level 1 spell: Sandblast
 10456 | D:9      | Reached XP level 10. HP: 86/86 MP: 14/14
 10523 | D:9      | Found an iron altar of Okawaru.
 10775 | D:9      | Found a staircase to the Orcish Mines.
 10852 | D:9      | Reached skill level 5 in Dodging
 10867 | D:9      | Got a slimy scimitar
 10874 | D:9      | Identified the cursed +1 scimitar of the Skies Above
                  | {freeze, *Noise rF+ rN+++ SInv} (You found it on level 9 of
                  | the Dungeon)
 10943 | D:10     | Entered Level 10 of the Dungeon
 10958 | D:10     | Noticed a two-headed ogre
 10962 | D:10     | Killed a two-headed ogre
 10975 | D:10     | Found an iron altar of Okawaru.
 11035 | D:10     | Received a gift from Okawaru
 11036 | D:10     | Reached skill level 8 in Fighting
 11660 | D:10     | Reached ***** piety under Okawaru
 12201 | D:10     | Found a staircase to the Lair.
 12280 | Lair:1   | Entered Level 1 of the Lair of Beasts
 12452 | Lair:1   | Noticed a black mamba
 12468 | Lair:1   | Killed a black mamba
 12469 | Lair:1   | Reached XP level 11. HP: 72/95 MP: 16/16
 12644 | Lair:1   | Received a gift from Okawaru
 12920 | Lair:1   | Reached skill level 9 in Fighting
 13348 | Lair:1   | HP: 4/97 [komodo dragon (20)]
 13758 | Lair:1   | Reached skill level 1 in Long Blades
 14838 | Lair:2   | Noticed Sonja
 14860 | Lair:2   | Killed Sonja
 15183 | Lair:2   | Found a staircase to the Snake Pit.
 15394 | Snake:1  | Entered Level 1 of the Snake Pit
 16226 | Lair:2   | Received a gift from Okawaru
 17116 | Lair:2   | Reached skill level 10 in Fighting
 17583 | Lair:3   | Reached XP level 12. HP: 71/106 MP: 15/18
 17855 | Lair:3   | Mangled by a cane toad

Illustrated notes

Levels and vault maps discovered:
D:1:      minmay_arrival_glassed_features, layout_loops_ring,
          hangedman_decor_growths, nrook_mini_vaults
D:2:      layout_loops_ring, grunt_temple_overflow_open,
          nicolae_tso_carved_into_rock
D:3:      layout_loops_ring, lightli_temple_of_fire
D:4:      layout_layer_cave, nzn_hepliaklqana_mist_gate, saegor_snake_ambush
D:5:      layout_basic, uniq_duvessa
D:6:      layout_cave_pods, minmay_temple_entry_butterflies,
          gammafunk_ghost_hive, nicolae_sextant
D:7:      layout_loops_ring, basic_altar
D:8:      layout_loops_cross, lemuel_doored_altar, minmay_misc_feat_alley,
          hangedman_little_slice_of_home
D:9:      layout_roguey, orc_0_dummy, okawaru_altar_gauntlet_db
D:10:     layout_roguey, lair_entry_dummy, basic_altar
Temple:   dpeg_chambers_temple
Lair:1:   layout_regular_city, lemuel_fruit_fields
Lair:2:   layout_small_grid, minmay_snake_entry_guardpost_large,
          lemuel_fruit_tree, uniq_sonja
Lair:3:   statuecave_lemuel, layout_loops_ring, gammafunk_ghost_arena,
          infiniplex_staircase_pool_2
Snake:1:  layout_misc_corridors, gammafunk_ghost_necromancy,
          serial_bayou_shore_b

Skill      XL: |  1  2  3  4  5  6  7  8  9 10 11 |
---------------+----------------------------------+-----
Fighting       | 4 5 6 7 8 10 | 10.2
Shields        | 1 2 3 4 5 6 7 |  7.7
Dodging        | 1 2 3 4 5 6 |  6.8
Axes           | 4 |  4.9
Short Blades   | 1 2 4 5 6 8 |  8.2
Stealth        | 2 4 5 6 7 |  7.2
Invocations    | 1 3 5 7 8 |  8.5
Long Blades    | 2 |  2.6
Crossbows      | |  1.7
Throwing       | |  1.0

Action                   |  1- 3 |  4- 6 |  7- 9 | 10-12 || total
-------------------------+-------+-------+-------+-------++-------
Melee: Hand axe          |   140 |   169 |       |       ||   309
       Tailslap          |     5 |    19 |    51 |    92 ||   167
       Dagger            |       |    25 |   434 |   657 ||  1116
       Flail             |       |     1 |       |       ||     1
       Scimitar          |       |       |       |    44 ||    44
       Broad axe         |       |       |       |    16 ||    16
 Fire: Hunting sling     |       |    11 |       |       ||    11
Throw: Stone             |     2 |    29 |    22 |       ||    53
       Boomerang         |       |       |       |     6 ||     6
Invok: Heroism           |       |       |     4 |    10 ||    14
       Finesse           |       |       |       |     2 ||     2
  Use: Scroll            |     1 |     9 |     1 |    12 ||    23
       Potion            |       |     3 |       |     5 ||     8
 Stab: Sleeping          |     2 |     3 |    22 |    13 ||    40
       Distracted        |       |       |       |     1 ||     1
Armor: Skin              |    59 |    61 |   117 |   191 ||   428
Dodge: Dodged            |    45 |    82 |   144 |   273 ||   544
Block: Kite shield       |    48 |    86 |   164 |   270 ||   568
       Rpst.: Scimitar   |       |       |       |     2 ||     2
